 Dungeon Crawl Stone Soup version 0.28.0-45-g0d030f2227 (webtiles) character file.

Game seed: 18074289526036049489

11 Gabide the Chiller (level 2, -3/22 HPs)
             Began as a Demigod Ice Elementalist on Apr 20, 2022.
             Frozen to death by an endoplasm (5 damage)
             ... on level 1 of the Dungeon.
             The game lasted 00:01:05 (454 turns).

Gabide the Chiller (Demigod Ice Elementalist)        Turns: 454, Time: 00:01:05

Health: -3/22      AC:  2    Str:  9    XL:     2   Next: 6%
Magic:  1/7        EV: 12    Int: 17    God:
Gold:   33         SH:  0    Dex: 14    Spells: 4/5 levels left

rFire   . . .      SeeInvis .   (no weapon)
rCold   . . .      Faith    .   (no shield)
rNeg    . . .      Spirit   .   a - +0 robe
rPois   .          Reflect  .   (no helmet)
rElec   .          Harm     .   (no cloak)
rCorr   .          Rampage  .   (no gloves)
Will    .....                   (no boots)
Stlth   ++........              (no amulet)
HPRegen 0.07/turn               (no ring)
MPRegen 0.10/turn               (no ring)

@: flying
A: high MP 1, forlorn, divine attributes
a: no special abilities


You were on level 1 of the Dungeon.
You visited 1 branch of the dungeon, and saw 1 of its levels.

You collected 33 gold pieces.

Inventory:

Armour
 a - a +0 robe (worn)


   Skills:
 * Level 0.4 Fighting
 * Level 2.0 Dodging
 + Level 1.9 Stealth
 * Level 2.0 Spellcasting
 * Level 3.7 Ice Magic


You had 4 spell levels left.
You knew the following spells:

 Your Spells              Type           Power      Damage    Failure   Level
a - Freeze                Ice            56%        1d7       4%          1

Your spell library contained the following spells:

 Spells                   Type           Power      Damage    Failure   Level
 Frozen Ramparts          Ice            28%        1d4       13%         3
 Ozocubu's Armour         Ice            14%        N/A       13%         3
 Hailstorm                Conj/Ice       8%         3d4       65%         4


Dungeon Overview and Level Annotations

Branches:
Dungeon (1/15)


Innate Abilities, Weirdness & Mutations

You have an increased reservoir of magic. (+10% MP)
You shall have no god before yourself.
Your divine heritage dramatically boosts your attributes as you level up.


Message History

The hobgoblin hits you.
You freeze the hobgoblin.
The hobgoblin is severely wounded.
The hobgoblin hits you.
You freeze the hobgoblin.
You kill the hobgoblin!
The endoplasm hits you.
You have reached level 2!
You hit the endoplasm.
The endoplasm is lightly wounded.
The endoplasm hits you. x2
The endoplasm hits you.
* * * LOW HITPOINT WARNING * * *
You are too injured to fight recklessly!
Aiming: Freeze (safe; 4% risk of failure)
Press: ? - help, Q - select action Shift-Dir - straight line, f - endoplasm
Aim: an endoplasm You freeze the endoplasm.
The endoplasm is almost dead.
The endoplasm freezes you.
You are frozen.
* * * LOW HITPOINT WARNING * * *
Aiming: Freeze (safe; 4% risk of failure)
Press: ? - help, Q - select action Shift-Dir - straight line, f/p - endoplasm
Aim: an endoplasm (almost dead)
You freeze the endoplasm.
You kill the endoplasm!
Unknown command.
It was a potion of flight.
You feel very buoyant.
You fly up into the air.
The endoplasm freezes you.
You are frozen.
* * * LOW HITPOINT WARNING * * *
As you read the scroll labelled IFESHE KIPHIRA, it crumbles to dust.
You feel aware of your surroundings.
You sensed 1 altar.
It was a scroll of magic mapping.
The endoplasm freezes you.
You are frozen.
You die...

...#...#,*,,#...........*******
'''#'''#,*,,####........,,*
...#...#,,,,#.......####*,*
...#...#,**,#.##.#.##****,****
...#...#,**,#.##.#...,,,,,,,,*
...#...#,**,#.##.#,###***,**,*
####...#,**,#.##.#,,,,,,,,**,*
.......#,**,#.##J#**********,*
.......#,,,,#.##@# *,,,,,,,,,*
.......######.##.#**,*********
########......##..,,,*
#.##########*** #.#
#.#**************
#.#,,,,,,,,,,_,,*
#.#,***********,* *** #.#,* *,*
*,*


You could see an endoplasm.

Vanquished Creatures
  2 bats (D:1)
  An endoplasm (D:1)
  A giant cockroach (D:1)
  2 hobgoblins (D:1)
  A kobold (D:1)
  A quokka (D:1)
  A frilled lizard (D:1)
9 creatures vanquished.

Notes
Turn   | Place    | Note
-------+----------+-------------------------------------------
     0 | D:1      | Gabide the Demigod Ice Elementalist began the quest for the
                  | Orb.
     0 | D:1      | Reached XP level 1. HP: 14/14 MP: 5/5
   444 | D:1      | Reached XP level 2. HP: 11/22 MP: 2/7
   449 | D:1      | HP: 1/22 [frozen (2)]
   454 | D:1      | Frozen to death by an endoplasm

Illustrated notes

Levels and vault maps discovered:
D:1:      minmay_arrival_widening_spiral_wide, layout_basic,
          basic_ecumenical_altar

Skill      XL: |  1 |
---------------+----+-----
Dodging        | 2 |  2.0
Spellcasting   | 2 |  2.0
Fighting       | |  0.4
Stealth        | |  1.9
Ice Magic      | |  3.7

Action                   || total
-------------------------++-------
Melee: Unarmed           ||     1
 Cast: Freeze            ||    18
  Use: Scroll            ||     1
       Potion            ||     1
Armor: Robe              ||     5
Dodge: Dodged            ||     7
